 Dungeon Crawl Stone Soup version 0.19.5-1-g796a6487f8 (webtiles) character file.

616318 Ge0ff the Gracecrafter (level 26, -2/196 HPs)
             Began as a High Elf Skald on Dec 22, 2021.
             Was a High Priest of Okawaru.
             Slain by a golden dragon (27 damage)
             ... on level 2 of the Realm of Zot on Dec 23, 2021.
             The game lasted 06:01:04 (99771 turns).

Ge0ff the Gracecrafter (High Elf Skald)            Turns: 99771, Time: 06:01:05

Health: -2/196     AC: 33    Str: 26    XL:     26   Next: 90%
Magic:  3/40       EV: 22    Int: 27    God:    Okawaru [*****.]
Gold:   1020       SH: 14    Dex: 17    Spells: 9 memorised, 20 levels left

rFire  + + +     SeeInvis +     b - +10 long sword of the Boar {slice, rElec rN+ Dex-3}
rCold  + . .     Gourm    .     o - +5 chain mail "Wacs" {rF+ Int+4 Slay+2}
rNeg   + . .     Faith    .     r - +2 buckler of the Moneychanger {+Inv Int+3 Dex-2 Stlth+}
rPois  +         Spirit   .     Q - +2 hat {MR+}
rElec  +         Reflect  +     K - +2 cloak {rPois}
rCorr  .         Harm     .     A - +2 pair of gloves {Dex+3}
MR     ++...                    S - +2 pair of boots {run}
Stlth  +++.......               z - +5 amulet of reflection
                                V - ring of Ekhlarul {+Fly rElec rF+ MR- SInv}
                                X - ring of Epran {rF+ rC+ Str+7 Stlth+, =R}

@: heroism, very slightly contaminated, quick
A: clever 1, mutation resistance 1
a: Heroism, Finesse, Renounce Religion, Evoke Invisibility, Evoke Flight
}: 3/15 runes: decaying, silver, gossamer


You were on level 2 of the Realm of Zot.
You worshipped Okawaru.
Okawaru was extremely pleased with you.
You were hungry.

You visited 11 branches of the dungeon, and saw 50 of its levels.
You visited 1 bazaar.
You also visited: Labyrinth, Ossuary, Ice Cave and Volcano.

You collected 7503 gold pieces.
You spent 6483 gold pieces at shops.

Inventory:

Hand Weapons
 a - a +9 double sword of electrocution
 b - the +10 long sword of the Boar (weapon) {slice, rElec rN+ Dex-3}
   (You took it off a frost giant on level 5 of the Vaults)

   It inflicts extra damage upon your enemies.
   It affects your dexterity (-3).
   It insulates you from electricity.
   It protects you from negative energy.
Missiles
 c - 14 steel javelins {=f}
 k - 3 poisoned javelins
 J - 9 silver javelins {=f}
 Z - 2 javelins of penetration (quivered) {=f}
Armour
 o - the +5 chain mail "Wacs" (worn) {rF+ Int+4 Slay+2}
   (You bought it in a shop on level 2 of the Vaults)

   It affects your intelligence (+4).
   It affects your accuracy and damage with ranged weapons and melee attacks
   (+2).
   It protects you from fire.
 r - the +2 buckler of the Moneychanger (worn) {+Inv Int+3 Dex-2 Stlth+}
   (You found it on level 5 of the Lair of Beasts)

   It affects your intelligence (+3).
   It affects your dexterity (-2).
   It lets you turn invisible.
   It makes you more stealthy.
 A - a +2 pair of gloves of dexterity (worn)
 K - a +2 cloak of poison resistance (worn)
 Q - a +2 hat of magic resistance (worn)
 S - a +2 pair of boots of running (worn)
Rods
 w - a +9 rod of shadows (15/15)
   (You took it off a deep elf annihilator on level 3 of the Elven Halls)
Jewellery
 z - a +5 amulet of reflection (around neck)
 R - an uncursed ring of positive energy
 V - the ring of Ekhlarul (right hand) {+Fly rElec rF+ MR- SInv}
   (You found it on level 10 of the Dungeon)

   [ring of see invisible]

   It protects you from fire.
   It insulates you from electricity.
   It affects your resistance to hostile enchantments.
   It lets you see invisible.
   It lets you fly.
 X - the ring of Epran (left hand) {rF+ rC+ Str+7 Stlth+, =R}
   (You bought it in a shop on level 4 of the Vaults)

   [ring of protection from fire]

   It affects your strength (+7).
   It protects you from fire.
   It protects you from cold.
   It makes you more stealthy.
Wands
 d - a wand of digging (4/24)
 e - a wand of enslavement (7/24)
 n - a wand of hasting (3/9)
 p - a wand of paralysis (9/24)
 s - a wand of hasting (6/9)
 t - a wand of teleportation (3/9)
Scrolls
 g - 2 scrolls of immolation
 i - 7 scrolls of identify
 j - 2 scrolls of vulnerability
 m - 3 scrolls of magic mapping
 u - a scroll of summoning
 B - 7 scrolls of blinking
 C - 3 scrolls of fear
 F - 8 scrolls of fog
 L - a scroll of holy word
 T - 6 scrolls of teleportation
Potions
 f - 5 potions of ambrosia
 h - 4 potions of cancellation
 q - 22 potions of curing
 E - 5 potions of resistance
 H - 4 potions of haste
 I - 8 potions of might
 N - 6 potions of magic
 O - 2 potions of invisibility
 U - 10 potions of agility
 W - 7 potions of heal wounds
Miscellaneous
 v - a lamp of fire (inert)
 x - 5 sacks of spiders
 y - 2 phantom mirrors
 G - 4 boxes of beasts
 P - a fan of gales
 Y - a phial of floods
Comestibles
 l - 26 meat rations
 D - 54 fruits
 M - 11 slices of pizza


   Skills:
 - Level 20.0(25.0) Fighting
 - Level 16.0(21.0) Long Blades
   Level 2.0(7.0) Maces & Flails
 - Level 16.0(21.0) Throwing
 - Level 15.0(20.0) Armour
 - Level 15.0(20.0) Dodging
 - Level 2.0(7.0) Stealth
 - Level 4.0(9.0) Shields
 - Level 12.0 Spellcasting
 - Level 5.0 Conjurations
 - Level 11.0 Hexes
 + Level 23.4 Charms
 - Level 5.0 Summonings
 - Level 6.0 Necromancy
 - Level 4.0 Translocations
 - Level 10.0 Transmutations
 + Level 8.9 Air Magic
 - Level 15.0 Invocations
 + Level 14.4 Evocations


You had 20 spell levels left.
You knew the following spells:

 Your Spells              Type           Power        Failure   Level  Hunger
d - Shroud of Golubria    Chrm/Tloc      ######....   1%          2    None
g - Apportation           Tloc           #####.....   1%          1    None
i - Silence               Hex/Air        ######....   8%          5    ###....
k - Iskenderun's Mystic   Conj           #####...     14%         4    None
l - Summon Lightning Spi  Summ/Air       ######..     8%          4    None
q - Swiftness             Chrm/Air       #######.     1%          2    None
r - Regeneration          Chrm/Necr      #######...   1%          3    None
s - Spectral Weapon       Hex/Chrm       #######.     1%          3    None
y - Yara's Violent Unrav  Hex/Tmut       ######....   4%          5    ###....


Dungeon Overview and Level Annotations

Branches:
Dungeon (15/15)            Temple (1/1) D:6            Lair (6/6) D:11
  Swamp (4/4) Lair:4       Spider (4/4) Lair:3        Slime (0/5) Lair:6
    Orc (2/2) D:12            Elf (3/3) Orc:2        Vaults (5/5) D:14
  Crypt (3/3) Vaults:2       Tomb (0/3) Crypt:3      Depths (5/5) D:15
    Zot (2/5) Depths:5

Altars:
Ashenzari
Cheibriados
Dithmenos
Elyvilon
Fedhas
Gozag
Hepliaklqana
Kikubaaqudgha
Makhleb
Nemelex Xobeh
Okawaru
Qazlal
Ru
Sif Muna
Trog
Uskayaw
Vehumet
Xom
Yredelemnul
Zin
The Shining One
Lugonu

Shops:
D:15 [   Orc:2 =[}(%*   Elf:3 (   Vaults:2 [=[}}   Vaults:3 (   Vaults:4 ?*
Depths:1 [

Portals:
Hell: Depths:1 Depths:2 Depths:3 Depths:4 Depths:5
Abyss: Depths:1 Depths:3 Depths:4
Pandemonium: Depths:1 Depths:3
Ziggurat: Depths:2

Annotations:
Zot:1 1 exclusion


Innate Abilities, Weirdness & Mutations

Your mind is acute. (Int +2)
You are somewhat resistant to further mutation.


Message History

The golden dragon is engulfed in roaring flames.
The golden dragon bites you!!
* * * LOW HITPOINT WARNING * * *
The golden dragon claws you but does no damage.
You block the golden dragon's attack.
You slash the golden dragon!
The golden dragon is almost dead.
The golden dragon is engulfed in roaring flames.
The golden dragon bites you but does no damage.
The golden dragon completely misses you.
The golden dragon tramples you but does no damage.
You feel much better.
The golden dragon is engulfed in roaring flames.
The golden dragon bites you. The golden dragon claws you!!
* * * LOW HITPOINT WARNING * * *
The golden dragon tramples you but does no damage.
You block the golden dragon's attack. The golden dragon claws you!
* * * LOW HITPOINT WARNING * * *
You block the golden dragon's attack. The golden dragon bites you!!
You die...

****** **********### ,,,,,*
*,,,,,,,,,..# ******
*,********#.# ,,,,** *,* #.#
,**,.*#*,**#######.##############
,,,*..#.,,,............}.........
,,,*.....#########.#.........####
,,,*,,##.(..†y§D.#.#.####.##.#
,**,,*#....§..##@#.#.# #.##.#
,,,,**#..(....##.#.#.# #.##.#
*****#........+....#.# #.##.#***
**,*,#........####.#.# #.##..,,,
**,*,#.?.......,,#/#.# #.#######
**,*,#........##,#.#.####........
**,*,#........#*,#......#.#######
**,*,#........#*,#..###.#.#####
**,*,#.#.######*,#..# #.......#


You could see a golden dragon (berserk) and a moth of wrath.

Vanquished Creatures
  An ancient lich (Vaults:5)
  Mennas (Depths:5)
  Mara (Swamp:3)
  A greater mummy (Crypt:3)
  Saint Roka (Depths:5)
  Xtahua (Crypt:2)
  Margery (Depths:4)
  5 golden dragons
  The ghost of PeterLawrence the Slayer, a veteran GrFi of Okawaru (Vaults:5)
  Jory (Vaults:4)
  the Enchantress (Depths:4)
  2 iron giants (shapeshifter)
  7 tentacled monstrosities
  2 Ice Fiends (IceCv)
  7 titans
  Rupert (Lair:3)
  2 liches
  3 deep elf blademasters
  A deep elf master archer (Elf:3)
  A death cob (Zot:1)
  5 quicksilver dragons
  5 ancient champions
  Frances (D:13)
  10 sphinxes
  5 thorn hunters
  Kirke (Swamp:3)
  8 tengu reavers
  2 draconian monks
  11 storm dragons
  A daeva (Depths:2)
  4 revenants
  8 fire giants
  Donald (Spider:1)
  8 frost giants
  3 deep elf sorcerers (Elf:3)
  16 vault wardens
  An orc warlord (Orc:1)
  An iron dragon (Depths:3)
  A draconian knight (Zot:1)
  A draconian shifter (Depths:5)
  A draconian zealot (Zot:1)
  Louise (Spider:4)
  A draconian scorcher (Depths:5)
  8 ghost moths
  7 deep elf elementalists
  8 emperor scorpions
  Aizul (Elf:1)
  17 ironheart preservers
  2 curse skulls
  11 ghouls
  2 angels
  5 war gargoyles
  15 very ugly things
  5 entropy weavers
  2 reapers (Crypt:3)
  13 stone giants
  3 green draconians (Zot:1)
  15 deep elf annihilators
  10 vampire knights
  2 red draconians (Zot:1)
  A lorocyproca (Depths:3)
  4 black draconians
  8 spark wasps
  A purple draconian (Depths:5)
  7 deep elf demonologists
  5 mottled draconians
  6 white draconians
  2 yellow draconians (Zot:1)
  2 eidola
  A merfolk impaler (Depths:5)
  14 ettins
  13 deep elf death magi
  8 fire dragons
  6 mummy priests (Crypt:3)
  Josephine (Orc:1)
  Erolcha (D:13)
  12 yaktaur captains
  19 jiangshi
  3 crystal guardians
  Fannar (Lair:1)
  A fire dragon (shapeshifter) (Depths:3)
  A minotaur (Lab)
  9 great orbs of eyes
  7 rakshasas
  19 ogre magi
  6 deep elf high priests
  41 vault guards
  11 ice dragons
  2 juggernaut simulacra (Depths:3)
  7 spriggan air magi
  25 hydras
  4 catoblepae (Lair:6)
  14 death yaks
  10 centaur warriors
  Erica (D:10)
  32 dancing weapons
  2 ghost crabs
  5 death knights
  A satyr (Depths:4)
  5 deep troll shamans
  10 alligators
  A queen ant (Spider:1)
  11 vampire magi
  7 orc high priests
  7 tengu warriors
  4 soul eaters
  12 deep troll earth magi
  Nergalle (D:12)
  7 spriggan berserkers
  Urug (Lair:4)
  A shock serpent (Depths:3)
  11 hell knights
  5 shadow wraiths
  29 deep elf knights
  2 iron trolls
  41 skeletal warriors
  2 glowing orange brains
  3 entropy weaver zombies (Spider:3)
  4 spriggan druids
  A death drake (shapeshifter) (Depths:3)
  A sea snake (shapeshifter) (Depths:3)
  3 unseen horrors
  14 deep elf archers
  A glowing orange brain (shapeshifter) (Vaults:3)
  30 deep trolls
  11 wizards
  4 shambling mangroves
  12 swamp dragons
  4 flayed ghosts
  A sphinx zombie (Crypt:3)
  9 harpies
  18 ironbrand convokers
  16 phantasmal warriors
  3 lindwurms (Swamp:4)
  5 hill giants
  9 necromancers
  An orb spider (shapeshifter) (Depths:2)
  29 wolf spiders
  A wolf spider (shapeshifter) (Depths:5)
  26 orb spiders
  5 wolf spider zombies
  71 deep elf magi
  A mana viper (Depths:3)
  An anaconda skeleton (Crypt:2)
  40 ugly things
  22 orc knights
  3 orc sorcerers
  2 fire giant zombies
  7 cyclopes
  40 slime creatures
  6 fauns (Depths:4)
  A stone giant skeleton (Crypt:1)
  3 centaur zombies (D:15)
  2 ice statues (IceCv)
  7 moths of wrath
  2 black mambas (shapeshifter)
  Psyche (D:12)
  A shock serpent zombie (Crypt:3)
  2 water nymphs (Depths:4)
  4 black mambas
  A frost giant skeleton (Crypt:3)
  3 naga magi (Depths:3)
  20 elephants
  A guardian serpent (shapeshifter) (Depths:1)
  16 vault sentinels
  5 toenail golems (Volcano)
  15 spiny frogs
  3 torpor snails
  2 spiny frogs (shapeshifter)
  A gargoyle (D:13)
  2 emperor scorpion zombies (Spider:3)
  2 kobold demonologists
  A catoblepas zombie (Crypt:2)
  A storm dragon simulacrum (Crypt:3)
  2 rime drakes
  11 freezing wraiths
  A redback zombie (Crypt:1)
  A rime drake (shapeshifter) (Vaults:2)
  18 demonic crawlers
  4 efreet
  11 komodo dragons
  23 yaktaurs
  10 ice devils (IceCv)
  A tengu conjurer (Depths:1)
  A black draconian skeleton (Crypt:3)
  A queen ant zombie (Crypt:2)
  42 guardian mummies (Crypt:3)
  A jumping spider (shapeshifter) (Depths:1)
  2 queen bees (shapeshifter)
  9 trolls
  A harpy zombie (Crypt:1)
  25 hornets
  A merfolk (shapeshifter) (Vaults:3)
  3 wind drakes (shapeshifter)
  36 jumping spiders
  A polar bear (Lair:5)
  7 tyrant leeches
  A wolf spider simulacrum (Crypt:3)
  Grinder (D:3)
  31 two-headed ogres
  21 blink frogs
  3 blink frogs (shapeshifter)
  A moth of wrath zombie (Spider:3)
  2 jumping spider zombies (Spider:3)
  2 tarantella zombies
  2 dream sheep (Lair:6)
  14 hippogriffs
  15 bog bodies
  A redback (shapeshifter) (Depths:3)
  102 redbacks
  5 spriggans
  A spriggan (shapeshifter) (Vaults:4)
  4 shadows
  33 tarantellas
  5 wyverns
  5 ushabtiu (Crypt:3)
  A vampire (D:11)
  12 air elementals
  3 fire elementals (Elf:2)
  43 yaks
  12 wraiths
  Grum (D:8)
  18 water elementals
  A basilisk (Lair:2)
  2 hogs (Swamp:3)
  2 fire bats (Depths:4)
  Eustachio (D:5)
  5 hungry ghosts
  25 vampire mosquitoes
  A harpy simulacrum (Depths:3)
  5 mottled dragons
  20 insubstantial wisps
  6 wargs
  30 soldier ants
  A faun zombie (Crypt:1)
  26 swamp worms
  A merfolk skeleton (Crypt:3)
  An orb spider zombie (Spider:3)
  3 small abominations (Spider:3)
  2 gelid demonspawn skeletons
  15 water moccasins
  10 swamp drakes
  A swamp drake (shapeshifter) (Vaults:4)
  9 porcupines
  3 human zombies (Vaults:2)
  64 orc warriors
  5 sky beasts
  2 black bears (shapeshifter)
  2 eyes of draining
  5 ice beasts
  A snapping turtle zombie (Crypt:2)
  A tengu skeleton (Depths:2)
  3 ettin simulacra (Depths:2)
  3 necrophages
  61 ogres
  A hornet zombie (Spider:3)
  2 orc zombies
  2 black bears
  12 wolves
  3 phantoms
  8 boggarts
  16 centaurs
  13 crocodiles
  A crocodile (shapeshifter) (Vaults:1)
  A rime drake zombie (Crypt:1)
  5 big kobolds
  2 bullfrogs (shapeshifter) (Vaults:5)
  18 bullfrogs
  A glowing shapeshifter simulacrum (Depths:2)
  6 earth elementals
  A warg zombie (Crypt:3)
  A water moccasin skeleton (Crypt:1)
  A wyvern skeleton (D:9)
  16 scorpions
  7 killer bees
  A raiju zombie (Crypt:2)
  23 wights
  4 electric eels
  3 howler monkeys
  4 bullfrog zombies
  18 crimson imps
  13 hounds
  3 quasits
  A bullfrog skeleton (D:5)
  Ijyb (D:1)
  35 orc priests
  9 centaur skeletons
  12 jellies
  Terence (D:3)
  4 iguanas
  A black bear skeleton (Crypt:3)
  An iguana (shapeshifter) (Vaults:2)
  31 orc wizards
  48 worker ants
  A killer bee zombie (D:9)
  A deep dwarf zombie (Crypt:2)
  2 hound skeletons
  2 hound zombies
  15 mummies
  A worker ant zombie (D:5)
  4 gnolls
  14 adders
  3 river rats (D:11)
  A steam dragon skeleton (Crypt:1)
  A swamp drake skeleton (Crypt:3)
  3 shadow imps
  8 white imps
  7 ufetubi
  3 oozes
  2 adder zombies
  An iguana zombie (Crypt:3)
  2 adder skeletons (D:7)
  8 worms
  3 dart slugs
  5 leopard geckos
  120 orcs
  17 bats
  8 giant cockroaches
  13 goblins
  13 hobgoblins
  8 jackals
  20 kobolds
  4 quokkas
  A ball python (D:3)
  6 frilled lizards
  A frilled lizard zombie (Crypt:3)
  2 gnoll zombies (Ossuary)
  4 hobgoblin zombies (Ossuary)
  2 jackal skeletons
  2 kobold zombies (Ossuary)
  A quokka skeleton (D:6)
  18 rats
  3 briar patches
  A bush (D:3)
  13 crawling corpses
  2 plants
  2 spectral weapons
2779 creatures vanquished.

Vanquished Creatures (collateral kills)
  A golden dragon (Zot:1)
  A death cob (Zot:1)
  A storm dragon (Zot:1)
  A vault warden (Vaults:1)
  A wizard (Vaults:1)
  An orb spider (Spider:4)
  An orc knight (Orc:2)
  A soldier ant (Spider:1)
  A centaur (Vaults:1)
9 creatures vanquished.

Vanquished Creatures (others)
  A deep elf master archer (Elf:3)
  2 stone giants
  A spriggan defender (Depths:4)
  A white draconian (Zot:2)
  3 yaktaur captains
  2 centaur warriors
  A spriggan air mage (Depths:4)
  A dancing weapon (Elf:2)
  A satyr (Depths:4)
  A deep elf knight (Elf:2)
  2 deep elf magi (Elf:2)
  An ugly thing (Vaults:1)
  An orb spider (Spider:4)
  A cyclops (Vaults:2)
  4 yaktaurs
  A troll (shapeshifter) (Depths:2)
  A hornet (Swamp:4)
  A two-headed ogre (Vaults:4)
  A jumping spider (Spider:1)
  2 redbacks (Spider:1)
  A tarantella (Spider:4)
  A yak (Lair:6)
  A hog (Swamp:3)
  2 humans (Swamp:3)
  2 orc warriors (Vaults:4)
  An ogre (Vaults:4)
  A centaur (D:15)
  A worker ant (Spider:1)
  3 white imps (IceCv)
  2 ufetubi (IceCv)
  An orc (Orc:2)
  7 briar patches
  28 fungi
  60 plants
  82 spectral weapons
222 creatures vanquished.

Grand Total: 3010 creatures vanquished

Notes
Turn   | Place    | Note
-------+----------+-------------------------------------------
     0 | D:1      | Ge0ff the High Elf Skald began the quest for the Orb.
     0 | D:1      | Reached XP level 1. HP: 14/14 MP: 4/4
   238 | D:1      | Reached skill level 1 in Stealth
   341 | D:1      | Reached XP level 2. HP: 19/19 MP: 6/6
  1025 | D:1      | Reached skill level 1 in Armour
  1322 | D:1      | Reached XP level 3. HP: 24/24 MP: 7/7
  1715 | D:2      | Noticed Ijyb
  1721 | D:1      | Killed Ijyb
  1820 | D:1      | Reached XP level 4. HP: 18/29 MP: 8/8
  2730 | D:2      | Reached skill level 5 in Long Blades
  3180 | D:2      | Learned a level 2 spell: Shroud of Golubria
  3184 | D:2      | Learned a level 3 spell: Spectral Weapon
  3264 | D:3      | Reached XP level 5. HP: 32/34 MP: 9/9
  3368 | D:3      | Noticed Terence
  3573 | D:3      | Gained mutation: Your mind is acute. (Int +2) [potion of beneficial mutation]
  3574 | D:3      | Gained mutation: You are somewhat resistant to further mutation. [potion of beneficial mutation]
  3578 | D:3      | Killed Terence
  3880 | D:3      | Noticed Grinder
  3897 | D:3      | Killed Grinder
  3897 | D:3      | Reached skill level 1 in Evocations
  3897 | D:3      | Reached XP level 6. HP: 8/41 MP: 10/10
  5575 | D:4      | Found a glowing silver altar of Zin.
  5576 | D:4      | Found a runed door.
  5576 | D:4      | Noticed an angel
  5602 | D:4      | Found a shadowy altar of Dithmenos.
  5641 | D:4      | Reached XP level 7. HP: 46/46 MP: 11/11
  5669 | D:4      | Reached skill level 1 in Maces & Flails
  5758 | D:4      | Found a sand-covered staircase.
  5769 | Ossuary  | Entered an ossuary
  7078 | D:4      | Reached skill level 1 in Throwing
  7371 | D:5      | Entered Level 5 of the Dungeon
  7621 | D:5      | Found a sparkling altar of Nemelex Xobeh.
  7635 | D:5      | Noticed Eustachio
  7644 | D:5      | Killed Eustachio
  7644 | D:5      | Reached XP level 8. HP: 48/54 MP: 12/12
  7742 | D:5      | Reached skill level 5 in Fighting
  7747 | D:5      | Learned a level 3 spell: Regeneration
  8059 | D:5      | Found a snail-covered altar of Cheibriados.
  8241 | D:6      | Found a staircase to the Ecumenical Temple.
  8245 | D:6      | Reached skill level 1 in Hexes
  8264 | Temple   | Entered the Ecumenical Temple
  8484 | Temple   | Became a worshipper of Warmaster Okawaru
  8555 | D:6      | Found a burning altar of Makhleb.
  8556 | D:6      | Found a basalt altar of Yredelemnul.
  8607 | D:6      | Reached skill level 4 in Charms
  9045 | D:6      | Reached skill level 5 in Charms
  9293 | D:6      | Reached * piety under Okawaru
  9439 | D:6      | Found a basalt altar of Yredelemnul.
  9685 | D:5      | Reached XP level 9. HP: 61/61 MP: 12/15
 10179 | D:6      | Reached skill level 1 in Invocations
 10933 | D:7      | Reached ** piety under Okawaru
 10977 | D:7      | Reached skill level 6 in Charms
 11221 | D:7      | Found a shimmering altar of Xom.
 11729 | D:8      | Reached skill level 7 in Charms
 12041 | D:8      | Reached XP level 10. HP: 48/67 MP: 10/17
 12194 | D:8      | Noticed Grum
 12201 | D:8      | Reached *** piety under Okawaru
 12234 | D:8      | Killed Grum
 12257 | D:7      | Reached skill level 5 in Armour
 12691 | D:8      | Reached skill level 10 in Long Blades
 13262 | D:8      | Reached skill level 5 in Hexes
 13827 | D:9      | Reached skill level 1 in Translocations
 13886 | D:9      | Reached skill level 5 in Spellcasting
 13952 | D:9      | Reached skill level 1 in Necromancy
 13962 | D:9      | Reached **** piety under Okawaru
 14317 | D:9      | Got a ripped robe
 14480 | D:9      | Noticed a centaur warrior
 14493 | D:9      | Killed a centaur warrior
 14493 | D:9      | Received a gift from Okawaru
 14493 | D:9      | Reached XP level 11. HP: 47/75 MP: 16/19
 14498 | D:9      | Noticed a tengu warrior
 14520 | D:9      | Killed a tengu warrior
 14844 | D:9      | Reached ***** piety under Okawaru
 14958 | D:9      | Identified the cursed +0 robe of the Wilderness {*Slow rC+ MR+} (You found it on level 9 of the Dungeon)
 15395 | D:9      | Found a glowing silver altar of Zin.
 15785 | D:10     | Entered Level 10 of the Dungeon
 15785 | D:10     | Noticed Erica
 15804 | D:10     | Killed Erica
 15804 | D:10     | Received a gift from Okawaru
 16259 | D:10     | Reached skill level 5 in Invocations
 16320 | D:10     | Got a faintly glowing wooden ring
 16322 | D:10     | Identified the ring of Ekhlarul {+Fly rElec rF+ MR- SInv} (You found it on level 10 of the Dungeon)
 17203 | D:11     | Received a gift from Okawaru
 17680 | D:11     | Noticed a hill giant
 17690 | D:11     | Killed a hill giant
 18119 | D:11     | Found a staircase to the Lair.
 18196 | D:11     | Reached XP level 12. HP: 84/84 MP: 20/20
 18582 | D:11     | Learned a level 5 spell: Yara's Violent Unravelling
 18941 | D:12     | Noticed Nergalle
 18992 | D:12     | Killed Nergalle
 18992 | D:12     | Received a gift from Okawaru
 19161 | D:12     | Found a staircase to the Orcish Mines.
 19200 | D:12     | Noticed Psyche
 19205 | D:12     | Killed Psyche
 19249 | D:12     | Noticed an ogre mage
 19270 | D:12     | Killed an ogre mage
 19280 | D:12     | Reached skill level 5 in Necromancy
 19587 | Lair:1   | Entered Level 1 of the Lair of Beasts
 19605 | Lair:1   | Found a labyrinth entrance.
 19614 | Lab      | Entered a labyrinth
 19906 | Lab      | Noticed a minotaur
 19919 | Lab      | Killed a minotaur
 20196 | Lair:1   | Noticed Fannar
 20348 | Lair:1   | Got a scintillating lead ring
 20350 | Lair:1   | Identified the ring "Weubea" {*Tele rPois rF++ MP+9 Stlth-} (You found it on level 1 of the Lair of Beasts)
 20616 | Lair:1   | Reached skill level 5 in Dodging
 20789 | Lair:1   | Killed Fannar
 20789 | Lair:1   | Received a gift from Okawaru
 21013 | Lair:1   | Got a smoking hand axe
 21069 | Lair:1   | Noticed a four-headed hydra
 21077 | Lair:1   | Killed a one-headed hydra
 21082 | Lair:1   | Reached ****** piety under Okawaru
 21369 | Lair:2   | Found a dark tunnel.
 21378 | Volcano  | Entered a volcano
 21398 | Volcano  | Received a gift from Okawaru
 21486 | Volcano  | Received a gift from Okawaru
 21486 | Volcano  | Reached skill level 10 in Fighting
 21631 | Volcano  | Reached XP level 13. HP: 60/92 MP: 21/21
 21668 | Volcano  | Reached skill level 5 in Throwing
 21945 | Lair:2   | Received a gift from Okawaru
 23207 | Lair:3   | Noticed Rupert
 23213 | Lair:3   | Paralysed by Rupert for 3 turns
 23220 | Lair:3   | Killed Rupert
 23220 | Lair:3   | Received a gift from Okawaru
 23324 | Lair:3   | Found a hole to the Spider Nest.
 24034 | Lair:4   | Received a gift from Okawaru
 24442 | Lair:4   | Received a gift from Okawaru
 24445 | Lair:4   | Got a fine scale mail {god gift}
 24465 | Lair:3   | Identified the +1 scale mail "Foaraor" {SInv} (Okawaru gifted it to you on level 4 of the Lair of Beasts)
 24892 | Lair:4   | Noticed Urug
 24919 | Lair:4   | Killed Urug
 25048 | Lair:4   | Found a staircase to the Swamp.
 25053 | Lair:4   | Reached skill level 15 in Long Blades
 26319 | Lair:5   | Identified the +2 buckler of the Moneychanger {+Inv Int+3 Dex-2 Stlth+} (You found it on level 5 of the Lair of Beasts)
 26396 | Lair:5   | Reached skill level 1 in Shields
 26404 | Lair:5   | Reached XP level 14. HP: 81/101 MP: 17/22
 26510 | Lair:5   | Received a gift from Okawaru
 27012 | Lair:6   | Entered Level 6 of the Lair of Beasts
 28315 | Lair:6   | Found a staircase to the Slime Pits.
 28631 | Lair:6   | Received a gift from Okawaru
 28726 | Lair:5   | Received a gift from Okawaru
 29005 | Lair:6   | Reached skill level 5 in Evocations
 29013 | Lair:6   | Received a gift from Okawaru
 29601 | Lair:6   | Received a gift from Okawaru
 30295 | Orc:1    | Entered Level 1 of the Orcish Mines
 30680 | Orc:2    | Entered Level 2 of the Orcish Mines
 30688 | Orc:2    | Found Neut's Food Boutique.
 30703 | Orc:2    | Reached XP level 15. HP: 108/108 MP: 25/25
 30978 | Orc:1    | Noticed Josephine
 30998 | Orc:1    | Received a gift from Okawaru
 31045 | Orc:1    | Killed Josephine
 31597 | Orc:2    | Received a gift from Okawaru
 31752 | Orc:1    | Noticed an orc warlord
 31836 | Orc:1    | Killed an orc warlord
 32707 | Orc:2    | Received a gift from Okawaru
 32919 | Orc:2    | Found Ocezad's Assorted Antiques.
 32953 | Orc:2    | Bought a brass wand for 136 gold pieces
 32953 | Orc:2    | Bought a fuming inky potion for 30 gold pieces
 32961 | Orc:2    | Found a staircase to the Elven Halls.
 33341 | Orc:2    | Found Nemupu Kewyi's Gadget Emporium.
 33344 | Orc:2    | Found Konkeu Myff's Antique Armour Shoppe.
 33344 | Orc:2    | Found Bolimam's Jewellery Emporium.
 33345 | Orc:2    | Found Beqipt's Weapon Emporium.
 33352 | Orc:2    | Bought a pair of embroidered boots for 357 gold pieces
 33371 | Orc:2    | Identified a +0 pair of boots of running (You bought it in a shop on level 2 of the Orcish Mines)
 33386 | Orc:2    | Bought an uncursed ring of protection from magic for 275 gold pieces
 33507 | Orc:2    | Found a deep blue altar of Sif Muna.
 33528 | Orc:2    | Identified Sif Muna's Incunabulum of Heat
 33923 | D:13     | Reached skill level 1 in Transmutations
 34363 | D:13     | Noticed Frances
 34566 | D:13     | Noticed Erolcha
 34577 | D:13     | Killed Erolcha
 35349 | D:14     | Received a gift from Okawaru
 35433 | D:14     | Found a white marble altar of Elyvilon.
 35904 | D:14     | Reached skill level 8 in Charms
 35994 | D:14     | Found a gate to the Vaults.
 36547 | D:14     | Found a blossoming altar of Fedhas.
 36602 | D:15     | Entered Level 15 of the Dungeon
 36748 | D:15     | Received a gift from Okawaru
 37129 | D:15     | Found Ynlenin's Antique Armour Shop.
 37133 | D:15     | Bought a crude scale mail for 342 gold pieces
 37147 | D:15     | Identified the +1 scale mail of the Echidna {Int+6 Dex-2} (You bought it in a shop on level 15 of the Dungeon)
 37199 | D:15     | Received a gift from Okawaru
 37199 | D:15     | Reached XP level 16. HP: 112/117 MP: 27/27
 37205 | D:15     | Got a crystal scimitar {god gift}
 37206 | D:15     | Identified the +3 scimitar of Kismet {slice, -Tele rPois Str+4 Stlth+} (Okawaru gifted it to you on level 15 of the Dungeon)
 37879 | D:15     | Found a staircase to the Depths.
 38222 | Swamp:1  | Entered Level 1 of the Swamp
 39436 | Swamp:1  | Reached skill level 9 in Charms
 39688 | Swamp:1  | Received a gift from Okawaru
 40734 | Swamp:2  | Received a gift from Okawaru
 41252 | Swamp:2  | Received a gift from Okawaru
 41577 | Swamp:3  | Noticed Mara
 41578 | Swamp:3  | Noticed Kirke
 41837 | Spider:1 | Entered Level 1 of the Spider Nest
 41856 | Spider:1 | Received a gift from Okawaru
 42379 | Spider:1 | Reached skill level 10 in Charms
 42497 | Spider:1 | Reached skill level 10 in Armour
 44302 | Spider:1 | Received a gift from Okawaru
 44682 | Spider:1 | Noticed Donald
 44697 | Spider:1 | Killed Donald
 44697 | Spider:1 | Reached XP level 17. HP: 88/126 MP: 3/30
 45217 | Swamp:4  | Entered Level 4 of the Swamp
 45365 | Swamp:4  | Received a gift from Okawaru
 45546 | Swamp:3  | Killed Kirke
 45669 | Swamp:3  | Noticed Ge0ff's illusion
 45829 | Swamp:3  | Noticed Ge0ff's illusion
 45854 | Swamp:3  | Killed Mara
 45854 | Swamp:3  | Received a gift from Okawaru
 47157 | Swamp:4  | Received a gift from Okawaru
 47272 | Swamp:4  | Reached skill level 15 in Fighting
 47737 | Swamp:4  | Received a gift from Okawaru
 47742 | Swamp:4  | Reached skill level 10 in Dodging
 47991 | Swamp:4  | Got a decaying rune of Zot
 49010 | D:13     | Killed Frances
 49479 | Spider:2 | Received a gift from Okawaru
 49497 | Spider:2 | Found a frozen archway.
 49513 | IceCv    | Entered an ice cave
 49899 | IceCv    | Noticed an Ice Fiend
 49936 | IceCv    | Killed an Ice Fiend
 49936 | IceCv    | Received a gift from Okawaru
 50258 | IceCv    | Noticed an Ice Fiend
 50274 | IceCv    | Killed an Ice Fiend
 50314 | IceCv    | Got a scintillating brass ring
 50316 | IceCv    | Identified the ring "Rechur" {rF+ Int+3 Stlth+} (You found it in an ice cave)
 50381 | Spider:2 | Reached XP level 18. HP: 111/135 MP: 28/31
 50828 | Spider:2 | Received a gift from Okawaru
 52436 | Spider:3 | Received a gift from Okawaru
 54848 | Spider:3 | Received a gift from Okawaru
 54849 | Spider:3 | Identified the +0 pair of gloves of Action {-Cast +Blink Str+8 Dex-4} (Okawaru gifted it to you on level 3 of the Spider Nest)
 55152 | Spider:3 | Identified Sif Muna's Handbook of Flight
 55157 | Spider:3 | Learned a level 2 spell: Swiftness
 55162 | Spider:3 | Learned a level 4 spell: Summon Lightning Spire
 56228 | Spider:4 | Entered Level 4 of the Spider Nest
 56424 | Spider:4 | Reached skill level 5 in Transmutations
 56714 | Spider:4 | Noticed Louise
 56752 | Spider:4 | Killed Louise
 56859 | Spider:4 | Learned a level 4 spell: Iskenderun's Mystic Blast
 57816 | Spider:4 | Reached XP level 19. HP: 142/142 MP: 30/33
 57958 | Spider:4 | Got a gossamer rune of Zot
 58544 | Elf:1    | Entered Level 1 of the Elven Halls
 58558 | Elf:1    | Received a gift from Okawaru
 58601 | Elf:1    | Found a radiant altar of Vehumet.
 59549 | Elf:1    | Noticed Aizul
 59561 | Elf:1    | Killed Aizul
 60325 | Elf:2    | Found a flickering gateway to a bazaar.
 60329 | Bazaar   | Entered a bazaar
 60342 | Bazaar   | Found Ruehiere's Assorted Antiques.
 60342 | Bazaar   | Found Domauv's General Store.
 60348 | Bazaar   | Bought a scroll labeled QOETZAMOYL for 25 gold pieces
 60381 | Bazaar   | Found Uhugibbu's General Store.
 60381 | Bazaar   | Found Hetsomede's General Store.
 60387 | Bazaar   | Bought a scroll of identify for 18 gold pieces
 60399 | Bazaar   | Bought a +0 cloak of poison resistance for 76 gold pieces
 60399 | Bazaar   | Bought a potion of heal wounds for 45 gold pieces
 60399 | Bazaar   | Bought a scroll of identify for 18 gold pieces
 60399 | Bazaar   | Bought a scroll of vulnerability for 67 gold pieces
 60442 | Bazaar   | Bought a potion of heal wounds for 60 gold pieces
 60442 | Bazaar   | Bought a scroll of blinking for 90 gold pieces
 60442 | Bazaar   | Bought a scroll of teleportation for 36 gold pieces
 60464 | Bazaar   | Bought a scroll of blinking for 187 gold pieces
 60464 | Bazaar   | Bought a scroll of magic mapping for 87 gold pieces
 60464 | Bazaar   | Bought 2 scrolls of identify for 100 gold pieces
 60495 | Elf:2    | Received a gift from Okawaru
 60556 | Elf:2    | Found a runed gate.
 60556 | Elf:2    | Found a runed gate.
 60558 | Elf:2    | Found a runed gate.
 61356 | Elf:2    | Received a gift from Okawaru
 61465 | Elf:2    | Reached skill level 10 in Spellcasting
 61713 | Elf:2    | Reached skill level 10 in Throwing
 61929 | Elf:2    | Received a gift from Okawaru
 62193 | Elf:3    | Entered Level 3 of the Elven Halls
 62372 | Elf:3    | Reached skill level 10 in Transmutations
 62719 | Elf:3    | Received a gift from Okawaru
 63105 | Elf:3    | Identified a +8 rod of inaccuracy (9/14) (You took it off a deep elf annihilator on level 3 of the Elven Halls)
 63309 | Elf:3    | Found Xiuj's Antique Weapon Emporium.
 63358 | Elf:3    | Noticed a Brimstone Fiend
 63371 | Elf:3    | Received a gift from Okawaru
 63612 | Elf:3    | Identified a +5 rod of ignition (9/9) (You took it off a deep elf death mage on level 3 of the Elven Halls)
 63723 | Elf:3    | Identified a +7 rod of shadows (5/12) (You took it off a deep elf annihilator on level 3 of the Elven Halls)
 63779 | Elf:3    | Reached XP level 20. HP: 149/149 MP: 35/35
 63921 | Elf:3    | Reached skill level 10 in Hexes
 64555 | Elf:3    | Received a gift from Okawaru
 64769 | Elf:3    | Received a gift from Okawaru
 64836 | Elf:3    | Got a steaming marble ring
 64837 | Elf:3    | Identified the ring of Wavoss {Ice MR+} (You took it off a deep elf annihilator on level 3 of the Elven Halls)
 64958 | Elf:3    | Got a topaz-encrusted scale mail
 64959 | Elf:3    | Identified the cursed +1 scale mail "Nodghiut" {*Slow rN+ Str+3} (You found it on level 3 of the Elven Halls)
 64965 | Elf:3    | Got a translucent golden amulet
 64967 | Elf:3    | Identified the amulet of Miracles {Faith Dex+2} (You found it on level 3 of the Elven Halls)
 65039 | Elf:3    | Learned a level 1 spell: Apportation
 65910 | Vaults:1 | Entered Level 1 of the Vaults
 67194 | Vaults:1 | Received a gift from Okawaru
 67356 | Vaults:1 | Identified the +5 trident of Embarrassment {pierce, +Inv rElec rN+} (You took it off a vault sentinel on level 1 of the Vaults)
 68875 | Vaults:1 | Reached XP level 21. HP: 106/162 MP: 33/36
 69153 | Vaults:2 | Found Couch's Jewellery Emporium.
 69557 | Vaults:2 | Found Acacop's Gadget Emporium.
 69641 | Vaults:2 | Found Biad's Antique Armour Boutique.
 69684 | Vaults:2 | Found Camoth's Gadget Shop.
 69984 | Vaults:2 | Found a staircase to the Crypt.
 70299 | Vaults:2 | Received a gift from Okawaru
 71424 | Vaults:2 | Reached skill level 1 in Summonings
 71667 | Vaults:2 | Found Hausiz's Armour Emporium.
 71790 | Vaults:2 | Bought a heavily runed scale mail for 324 gold pieces
 71790 | Vaults:2 | Bought a warped chain mail for 342 gold pieces
 71790 | Vaults:2 | Identified the +2 scale mail of Darkness {-Cast Regen+ rCorr Str+6} (You bought it in a shop on level 2 of the Vaults)
 71805 | Vaults:2 | Identified the +5 chain mail "Wacs" {rF+ Int+4 Slay+2} (You bought it in a shop on level 2 of the Vaults)
 72058 | Vaults:3 | Reached skill level 1 in Air Magic
 72191 | Vaults:3 | Found Bociav's Weapon Shoppe.
 72630 | Vaults:3 | Received a gift from Okawaru
 74513 | Vaults:4 | Reached skill level 15 in Throwing
 74662 | Vaults:4 | Received a gift from Okawaru
 74675 | Vaults:4 | Found Liepsaq's Magic Scroll Shoppe.
 74681 | Vaults:4 | Bought a scroll of immolation for 49 gold pieces
 74681 | Vaults:4 | Bought a scroll of recharging for 133 gold pieces
 74682 | Vaults:4 | Bought a scroll of summoning for 133 gold pieces
 74682 | Vaults:4 | Bought a scroll of fog for 28 gold pieces
 74682 | Vaults:4 | Bought a scroll of identify for 28 gold pieces
 74737 | Vaults:4 | Received a gift from Okawaru
 74739 | Vaults:4 | Reached skill level 5 in Air Magic
 75244 | Vaults:4 | Reached XP level 22. HP: 157/171 MP: 37/37
 75319 | Vaults:4 | Noticed Jory
 75342 | Vaults:4 | Killed Jory
 75342 | Vaults:4 | Received a gift from Okawaru
 75346 | Vaults:4 | Got a slimy battleaxe {god gift}
 75440 | Vaults:4 | Found Vepov's General Store.
 75451 | Vaults:4 | Bought the ring of Epran {rF+ rC+ Str+7 Stlth+} for 1017 gold pieces
 75551 | Vaults:4 | Reached skill level 10 in Invocations
 75823 | Vaults:4 | Reached skill level 5 in Summonings
 76324 | Crypt:1  | Entered Level 1 of the Crypt
 76493 | Crypt:1  | Identified the cursed +1 dagger of False Accusations {venom, Int+2} (You found it on level 1 of the Crypt)
 76538 | Crypt:1  | Received a gift from Okawaru
 78034 | Crypt:2  | Noticed Xtahua
 78088 | Crypt:2  | Killed Xtahua
 78088 | Crypt:2  | Received a gift from Okawaru
 78088 | Crypt:2  | Reached skill level 10 in Evocations
 78305 | Crypt:2  | Received a gift from Okawaru
 79032 | Crypt:3  | Entered Level 3 of the Crypt
 79050 | Crypt:3  | Received a gift from Okawaru
 79056 | Crypt:3  | Got a smoking ring mail {god gift}
 79850 | Crypt:3  | Reached XP level 23. HP: 113/174 MP: 35/38
 80526 | Crypt:2  | Reached skill level 15 in Armour
 81279 | Crypt:3  | Found a staircase to the Tomb.
 81474 | Crypt:3  | Noticed a greater mummy
 81493 | Crypt:3  | Killed a greater mummy
 81493 | Crypt:3  | Reached skill level 11 in Charms
 81734 | Crypt:3  | Identified a +5 rod of ignition (12/12) (You took it off a greater mummy on level 3 of the Crypt)
 81782 | Crypt:3  | Identified the +9 scale mail of the Kangaroo {Dex+2} (You took it off a skeletal warrior on level 3 of the Crypt)
 82316 | Crypt:3  | Identified the ring "Plog" {Fire MR+} (You took it off a guardian mummy on level 3 of the Crypt)
 82606 | Crypt:3  | Identified the Reference Book on Darkness
 82910 | Crypt:3  | Reached skill level 12 in Charms
 83436 | Vaults:5 | Entered Level 5 of the Vaults
 83448 | Vaults:4 | Received a gift from Okawaru
 83993 | Vaults:4 | Reached skill level 13 in Charms
 84338 | Vaults:4 | Received a gift from Okawaru
 84393 | Vaults:5 | Noticed an ancient lich
 84768 | Vaults:5 | Reached skill level 14 in Charms
 84912 | Vaults:5 | Reached skill level 15 in Dodging
 84957 | Vaults:5 | Noticed PeterLawrence's ghost (veteran GrFi)
 84992 | Vaults:5 | Killed PeterLawrence's ghost
 85094 | Vaults:5 | Reached XP level 24. HP: 183/183 MP: 38/38
 85104 | Vaults:5 | Reached skill level 1 in Conjurations
 85306 | Vaults:5 | Identified the +2 pearl dragon scales "Nosey" {*Slow rPois rC++ rN+ Str+2} (You took it off a deep elf high priest on level 5 of the Vaults)
 86041 | Vaults:5 | Identified the +4 scale mail of the Sun {rPois Dex+2} (You found it on level 5 of the Vaults)
 86044 | Vaults:5 | Got a silver rune of Zot
 86207 | Vaults:5 | Got a vibrating tin ring
 86209 | Vaults:5 | Identified the ring "Qoexzal" {+Fly rPois} (You took it off an ironbrand convoker on level 5 of the Vaults)
 86215 | Vaults:5 | Identified the cursed +0 ring mail of Compression {MR+} (You took it off a deep elf high priest on level 5 of the Vaults)
 86271 | Vaults:5 | Received a gift from Okawaru
 86364 | Vaults:5 | Killed an ancient lich
 86428 | Vaults:5 | Reached skill level 15 in Charms
 86492 | Vaults:5 | Received a gift from Okawaru
 86521 | Vaults:5 | Reached skill level 5 in Conjurations
 86795 | Vaults:5 | Identified the +10 long sword of the Boar {slice, rElec rN+ Dex-3} (You took it off a frost giant on level 5 of the Vaults)
 86880 | Vaults:5 | Identified the Reference Book on Glacial Enchantment
 87729 | Depths:1 | Entered Level 1 of the Depths
 87729 | Depths:1 | Found Osmenar's Antique Armour Shop.
 87903 | Depths:1 | Found a one-way gate leading to the halls of Pandemonium.
 87903 | Depths:1 | Found a gateway to Hell.
 88000 | Depths:1 | Reached skill level 16 in Charms
 88603 | Depths:1 | Found a corrupted altar of Lugonu.
 88603 | Depths:1 | Found a one-way gate to the infinite horrors of the Abyss.
 88699 | Depths:1 | Found a shimmering altar of Xom.
 89301 | Depths:2 | Reached XP level 25. HP: 147/189 MP: 39/39
 89455 | Depths:2 | Received a gift from Okawaru
 89845 | Depths:2 | Found a gateway to a ziggurat.
 89925 | Depths:2 | Received a gift from Okawaru
 89925 | Depths:2 | Reached skill level 17 in Charms
 89961 | Depths:2 | Reached skill level 15 in Invocations
 91038 | Depths:2 | Received a gift from Okawaru
 91311 | Depths:3 | Identified a scroll of acquirement
 91315 | Depths:3 | Identified the +0 pair of gloves of Bafoxt {+Fly rElec rCorr Int-4} (You acquired it on level 3 of the Depths)
 91423 | Depths:3 | Reached skill level 18 in Charms
 91564 | Depths:3 | Received a gift from Okawaru
 92213 | Depths:3 | Reached skill level 19 in Charms
 92454 | Depths:3 | Identified the ring of Xom's Sleight of Hands {MR+ Int+3} (You took it off a rakshasa on level 3 of the Depths)
 93038 | Depths:3 | Reached skill level 20 in Charms
 93064 | Depths:4 | Received a gift from Okawaru
 93358 | Depths:4 | Received a gift from Okawaru
 93984 | Depths:4 | Reached skill level 21 in Charms
 94137 | Depths:4 | Noticed the Enchantress
 94173 | Depths:4 | Killed the Enchantress
 94173 | Depths:4 | Reached XP level 26. HP: 195/195 MP: 29/40
 94178 | Depths:4 | Got faerie dragon scales
 94180 | Depths:4 | Identified the +3 faerie dragon scales {MR+} (You took it off the Enchantress on level 4 of the Depths)
 94418 | Depths:4 | Noticed Margery
 94469 | Depths:4 | Killed Margery
 95407 | Depths:5 | Entered Level 5 of the Depths
 95433 | Depths:5 | Noticed Mennas
 95460 | Depths:5 | Killed Mennas
 95460 | Depths:5 | Reached skill level 22 in Charms
 95486 | Depths:5 | Noticed Saint Roka
 95514 | Depths:5 | Killed Saint Roka
 95646 | Depths:5 | Identified the +6 chain mail "Qaprum" {Slay+2} (You took it off an orc priest on level 5 of the Depths)
 96240 | Depths:5 | Found a gate to the Realm of Zot.
 96245 | Depths:5 | Received a gift from Okawaru
 96491 | Depths:5 | Learned a level 5 spell: Silence
 96724 | Depths:5 | Received a gift from Okawaru
 97252 | Orc:2    | Bought a sack of spiders for 240 gold pieces
 97556 | Vaults:2 | Bought a sack of spiders for 260 gold pieces
 97584 | Vaults:2 | Bought a sack of spiders for 360 gold pieces
 97584 | Vaults:2 | Bought a sack of spiders for 360 gold pieces
 97584 | Vaults:2 | Bought a box of beasts for 360 gold pieces
 97584 | Vaults:2 | Bought a phantom mirror for 540 gold pieces
 97584 | Vaults:2 | Bought a box of beasts for 360 gold pieces
 97827 | Zot:1    | Entered Level 1 of the Realm of Zot
 98218 | Zot:1    | Received a gift from Okawaru
 98340 | Zot:1    | Reached skill level 23 in Charms
 99771 | Zot:2    | Slain by a golden dragon

Skill      XL: |  1  2  3  4  5  6  7  8  9 10 11 12 13 14 15 16 17 18 19 20 21 22 23 24 25 26 |
---------------+-------------------------------------------------------------------------------+-----
Stealth        | 1 2 |  2.0
Long Blades    | 3 4 5 7 8 9 11 12 13 15 16 | 16.0
Armour         | 1 2 3 4 5 6 8 10 12 13 14 15 | 15.0
Dodging        | 2 3 6 7 8 10 12 15 | 15.0
Evocations     | 1 2 3 4 6 8 10 12 14 | 14.4
Fighting       | 3 4 5 7 8 10 11 12 13 14 15 16 19 20 | 20.0
Maces & Flails | 2 |  2.0
Throwing       | 1 3 4 6 8 11 13 15 16 | 16.0
Hexes          | 2 4 5 7 9 11 | 11.0
Spellcasting   | 3 4 5 6 7 8 9 10 11 12 | 12.0
Charms         | 5 7 8 10 14 16 21 23 | 23.4
Invocations    | 3 4 5 8 9 12 14 15 | 15.0
Translocations | 3 4 |  4.0
Necromancy     | 2 4 5 6 |  6.0
Shields        | 1 4 |  4.0
Transmutations | 4 5 10 | 10.0
Summonings     | 4 5 |  5.0
Air Magic      | 5 8 |  8.9
Conjurations   | 5 |  5.0

Action                   |  1- 3 |  4- 6 |  7- 9 | 10-12 | 13-15 | 16-18 | 19-21 | 22-24 | 25-27 || total
-------------------------+-------+-------+-------+-------+-------+-------+-------+-------+-------++-------
Melee: Falchion          |     8 |    25 |       |       |       |       |       |       |       ||    33
       Whip              |    81 |   209 |   134 |       |       |       |       |       |       ||   424
       Dagger            |       |    41 |   225 |   404 |    19 |       |       |       |       ||   689
       Scimitar          |       |       |   168 |   489 |  1185 |  1822 |  1059 |       |       ||  4723
       Punch             |       |       |     3 |     8 |     4 |       |       |       |       ||    15
       Double sword      |       |       |       |       |       |       |   315 |  1224 |   695 ||  2234
       Long sword        |       |       |       |       |       |       |       |       |   175 ||   175
 Fire: Blowgun           |       |       |     4 |       |       |       |       |       |       ||     4
Throw: Stone             |     4 |    28 |   107 |    14 |       |       |       |       |       ||   153
       Tomahawk          |       |       |       |    71 |   220 |   335 |    77 |       |       ||   703
       Javelin           |       |       |       |    19 |   106 |   185 |   312 |   446 |   191 ||  1259
 Cast: Infusion          |     2 |       |    11 |     3 |       |       |       |       |       ||    16
       Shroud of Golubri |       |       |     3 |    21 |     7 |     4 |     1 |       |       ||    36
       Spectral Weapon   |       |       |     1 |    27 |    92 |   128 |   125 |    85 |    71 ||   529
       Regeneration      |       |       |       |    19 |    62 |    54 |    44 |    56 |    33 ||   268
       Yara's Violent Un |       |       |       |       |       |       |    32 |    22 |    20 ||    74
       Apportation       |       |       |       |       |       |       |       |    46 |     2 ||    48
Invok: Heroism           |       |       |     6 |    21 |    36 |    54 |    15 |    20 |    11 ||   163
       Finesse           |       |       |       |     4 |     2 |     8 |       |     4 |     2 ||    20
 Abil: Evoke Invisibilit |       |       |       |       |     8 |    11 |     9 |     1 |     4 ||    33
       Evoke Flight      |       |       |       |       |       |     2 |       |       |     1 ||     3
Evoke: Wand              |       |    13 |       |     4 |    16 |    78 |    20 |    13 |    17 ||   161
       Phial of floods   |       |       |       |     1 |     3 |     3 |     4 |       |     2 ||    13
       Lamp of fire      |       |       |       |       |     2 |     8 |     7 |     9 |     6 ||    32
       Rod               |       |       |       |       |       |       |     1 |       |       ||     1
       Phantom mirror    |       |       |       |       |       |       |     1 |       |       ||     1
       Box of beasts     |       |       |       |       |       |       |       |     2 |       ||     2
       Sack of spiders   |       |       |       |       |       |       |       |     1 |       ||     1
  Use: Scroll            |       |     9 |     7 |    17 |     9 |    16 |    29 |    12 |    11 ||   110
       Potion            |       |     7 |     1 |     3 |     2 |    12 |     1 |     6 |     1 ||    33
 Stab: Sleeping          |     2 |       |     1 |     2 |     1 |     1 |    13 |     1 |     1 ||    22
       Distracted        |       |       |       |     4 |    11 |    20 |    24 |    21 |    21 ||   101
       Invisible         |       |       |       |       |    31 |    49 |    41 |       |    19 ||   140
       Confused          |       |       |       |       |       |     4 |     2 |       |       ||     6
       Paralysed         |       |       |       |       |       |    15 |     2 |       |       ||    17
       Held in net/web   |       |       |       |       |       |     1 |       |       |       ||     1
  Eat: Chunk             |     3 |     8 |    34 |    40 |    29 |    19 |    44 |     9 |    11 ||   197
       Bread ration      |       |     1 |     1 |       |     5 |     8 |     1 |     4 |     5 ||    25
       Beef jerky        |       |       |       |       |     4 |     1 |     1 |     2 |     1 ||     9
       Pizza             |       |       |       |       |     1 |     1 |     4 |     2 |     1 ||     9
       Fruit             |       |       |       |       |     2 |    13 |     7 |     3 |     1 ||    26
       Royal jelly       |       |       |       |       |       |     1 |       |     2 |       ||     3
       Meat ration       |       |       |       |       |       |     1 |     1 |     3 |       ||     5
Armor: Leather armour    |    17 |    57 |       |       |       |       |       |       |       ||    74
       Skin              |       |     7 |    20 |       |       |       |       |       |       ||    27
       Ring mail         |       |    19 |   128 |   264 |    38 |       |       |       |       ||   449
       Scale mail        |       |       |       |       |   198 |       |       |       |       ||   198
       Plate armour      |       |       |       |       |    48 |  1031 |     4 |       |       ||  1083
       Swamp dragon scal |       |       |       |       |       |       |   184 |       |       ||   184
       Chain mail        |       |       |       |       |       |       |    55 |   383 |   218 ||   656
Dodge: Dodged            |    59 |   157 |   198 |   417 |   462 |   924 |   530 |   473 |   422 ||  3642
Block: Buckler           |       |       |       |       |   176 |   665 |   550 |   588 |   364 ||  2343
       Reflection        |       |       |       |       |       |       |    82 |    16 |    26 ||   124
       Rpst.: Falchion   |     2 |     6 |       |       |       |       |       |       |       ||     8
       Scimitar          |       |       |    32 |    67 |   130 |   190 |    90 |       |       ||   509
       Double sword      |       |       |       |       |       |       |    25 |    81 |    53 ||   159
       Long sword        |       |       |       |       |       |       |       |       |    17 ||    17
